[Event "ICC tourney 2308 (3 2)"]
[Site "Internet Chess Club"]
[Date "2021.01.15"]
[Round "6"]
[White "MasterZachary"]
[Black "Volkov"]
[Result "1/2-1/2"]
[ICCResult "Game drawn because neither player has mating material"]
[WhiteElo "2307"]
[BlackElo "2607"]
[Opening "French: MacCutcheon, Lasker variation"]
[ECO "C12"]
[NIC "FR.05"]
[Time "21:10:34"]
[PlyCount "135"]
[TimeControl "180+2"]

1. e4 e6 2. d4 d5 3. Nc3 Nf6 4. Bg5 Bb4 5. e5 h6 6. Bd2 Bxc3 7. bxc3 Ne4 8.
Qg4 Kf8 9. Bd3 Nxd2 10. Kxd2 c5 11. h4 Nc6 12. Nf3 c4 13. Be2 b5 14. Rhb1
Rb8 15. a3 a5 16. Qf4 Ke7 17. h5 Qf8 18. g4 Bd7 19. Qe3 Kd8 20. Ne1 Kc7 21.
f4 b4 22. axb4 axb4 23. cxb4 Rxb4 24. Nf3 Qb8 25. Rxb4 Qxb4+ 26. Qc3 Qb6
27. Qa3 Rb8 28. Ke3 Qb4 29. Qxb4 Rxb4 30. g5 Rb2 31. Kd2 Rb8 32. gxh6 gxh6
33. Rg1 Rh8 34. Rg7 Be8 35. Nh2 Nxd4 36. Bg4 Kd8 37. c3 Nb3+ 38. Ke3 Ke7
39. f5 exf5 40. Bxf5 Kf8 41. Rg1 Rg8 42. Rxg8+ Kxg8 43. Ng4 Kg7 44. Nf6 Bc6
45. Bd7 Bxd7 46. Nxd7 f5 47. Nf6 Kf7 48. Nxd5 Ke6 49. Nb6 Kxe5 50. Nxc4+
Kf6 51. Kf4 Nc5 52. Ne3 Ne6+ 53. Kf3 Kg5 54. c4 Nd4+ 55. Kf2 Kxh5 56. c5
Kg5 57. Nc4 Kf4 58. Na5 Ke5 59. c6 Kd6 60. Ke3 Ne6 61. Kf3 Kc7 62. Nc4 Kxc6
63. Ne3 Nd4+ 64. Kf4 h5 65. Nxf5 Ne6+ 66. Kg3 Kd5 67. Kh4 Ke5 68. Kxh5 {
Game drawn because neither player has mating material } 1/2-1/2

[Event "ICC tourney 2308 (3 2)"]
[Site "Internet Chess Club"]
[Date "2021.01.15"]
[Round "6"]
[White "leilei8514"]
[Black "dsmartins"]
[Result "1-0"]
[ICCResult "Black forfeits on time"]
[WhiteElo "1397"]
[BlackElo "1777"]
[Opening "Scandinavian (center counter) defense"]
[ECO "B01"]
[NIC "SD.01"]
[Time "21:11:18"]
[PlyCount "95"]
[TimeControl "180+2"]

1. e4 d5 2. exd5 Qxd5 3. Nc3 Qa5 4. d4 c6 5. Nf3 Nf6 6. Be2 Bf5 7. Bd3 Bxd3
8. Qxd3 e6 9. Bd2 Qc7 10. O-O Bd6 11. Ne4 Nxe4 12. Qxe4 O-O 13. Bc3 Nd7 14.
Rfe1 Nf6 15. Qe2 Rfd8 16. Rad1 b5 17. a3 a5 18. Bd2 b4 19. axb4 Bxb4 20.
Bxb4 axb4 21. Qc4 Rab8 22. Ne5 Rb6 23. c3 bxc3 24. bxc3 Nd7 25. Nxd7 Rxd7
26. Rb1 Rxb1 27. Rxb1 h6 28. g3 Rd5 29. Ra1 c5 30. h3 Qd6 31. dxc5 Rxc5 32.
Qe4 g6 33. Qe3 Rf5 34. Qxh6 Qc6 35. Qd2 Rf3 36. Rc1 Qc5 37. Qd4 Qxd4 38.
cxd4 Rd3 39. Rc4 Kg7 40. Kg2 Kf6 41. g4 Kg5 42. Rc7 f5 43. gxf5 exf5 44.
Rd7 Kf4 45. Rd6 g5 46. Rd7 Ke4 47. Re7+ Kf4 48. Rd7 { Black forfeits on
time } 1-0

[Event "ICC tourney 2308 (3 2)"]
[Site "Internet Chess Club"]
[Date "2021.01.15"]
[Round "6"]
[White "KingRayfish"]
[Black "vikram251107"]
[Result "0-1"]
[ICCResult "White checkmated"]
[WhiteElo "1469"]
[BlackElo "2002"]
[Opening "Caro-Kann: Tartakower (Nimzovich) variation"]
[ECO "B15"]
[NIC "CK.06"]
[Time "21:10:36"]
[PlyCount "166"]
[TimeControl "180+2"]

1. e4 c6 2. d4 d5 3. Nc3 dxe4 4. Nxe4 Nf6 5. Nxf6+ exf6 6. c3 Bd6 7. Bd3
O-O 8. Qc2 h5 9. Ne2 Re8 10. Be3 Nd7 11. O-O-O Nf8 12. h3 a5 13. g4 h4 14.
Rdg1 g5 15. Bd2 Ne6 16. Rf1 Qc7 17. f3 Nf4 18. Nxf4 Bxf4 19. Re1 Be6 20.
Kb1 a4 21. Re4 Bxd2 22. Qxd2 Bd5 23. Re3 Qf4 24. Rxe8+ Rxe8 25. Qxf4 gxf4
26. Rf1 Re3 27. Be4 Bc4 28. Rf2 Re1+ 29. Kc2 Bxa2 30. Kd2 Rh1 31. Bd3 Rxh3
32. Bf1 Rg3 33. Kd3 b5 34. Ke4 Rg1 35. Kxf4 Bc4 36. Bxc4 bxc4 37. Rh2 Rb1
38. Kf5 Kg7 39. f4 h3 40. g5 fxg5 41. Kxg5 Rg1+ 42. Kf5 Rg2 43. Rxh3 Rxb2
44. Rg3+ Kf8 45. Kf6 a3 46. Rh3 Rg2 47. f5 a2 48. Rh1 Ke8 49. Ke5 Ke7 50.
Ke4 Rb2 51. Ra1 Kf6 52. d5 cxd5+ 53. Kxd5 Kxf5 54. Kxc4 Ke4 55. Re1+ Kf3
56. Ra1 Ke2 57. Rh1 Ke3 58. Ra1 f5 59. Re1+ Kd2 60. Rh1 Ke3 61. Re1+ Kf3
62. Rf1+ Kg4 63. Rg1+ Kf3 64. Rf1+ Rf2 65. Ra1 f4 66. Kb3 Ke3 67. c4 f3 68.
Kc3 Rh2 69. Re1+ Re2 70. Ra1 f2 71. c5 Re1 72. Rxa2 f1=Q 73. c6 Rc1+ 74.
Rc2 Rxc2+ 75. Kxc2 Qc4+ 76. Kb2 Qxc6 77. Kb3 Qc5 78. Kb2 Qc4 79. Ka3 Qb5
80. Ka2 Qb4 81. Ka1 Kd2 82. Ka2 Kc2 83. Ka1 Qa5# { White checkmated } 0-1

[Event "ICC tourney 2308 (3 2)"]
[Site "Internet Chess Club"]
[Date "2021.01.15"]
[Round "7"]
[White "DualMoneytime"]
[Black "leilei8514"]
[Result "0-1"]
[ICCResult "White resigns"]
[WhiteElo "1982"]
[BlackElo "1397"]
[Opening "Sicilian: closed"]
[ECO "B23"]
[NIC "SI.44"]
[Time "21:38:02"]
[PlyCount "46"]
[TimeControl "180+2"]

1. e4 c5 2. Nc3 d6 3. f4 e6 4. Nf3 Nc6 5. Bb5 Bd7 6. d3 g6 7. O-O Bg7 8.
Qe2 Nge7 9. Bxc6 Bxc6 10. Be3 b6 11. Rab1 d5 12. Nd1 dxe4 13. dxe4 Bxe4 14.
Bxc5 Bxf3 15. Bxe7 Bxe2 16. Bxd8 Bxf1 17. Kxf1 Rxd8 18. Ne3 O-O 19. Ke2 Bd4
20. Ng4 f5 21. Ne3 Bxe3 22. Kxe3 Rd7 23. c3 Rfd8 { White resigns } 0-1

[Event "ICC tourney 2308 (3 2)"]
[Site "Internet Chess Club"]
[Date "2021.01.15"]
[Round "7"]
[White "Ben2008"]
[Black "baldwinsthename"]
[Result "1-0"]
[ICCResult "Black checkmated"]
[WhiteElo "1900"]
[BlackElo "1272"]
[Opening "Scotch: Lolli variation"]
[ECO "C44"]
[NIC "KP.10"]
[Time "21:38:04"]
[PlyCount "55"]
[TimeControl "180+2"]

1. e4 e5 2. Nf3 Nc6 3. d4 Nxd4 4. Nxd4 exd4 5. Qxd4 c6 6. Nc3 Nf6 7. Bg5
Be7 8. Be2 h6 9. Bf4 g5 10. Be5 Rg8 11. O-O-O c5 12. Qc4 d6 13. Bxf6 Bxf6
14. Qb5+ Qd7 15. Rxd6 Qxb5 16. Bxb5+ Ke7 17. Rd3 a6 18. Nd5+ Ke6 19. Nc7+
Ke5 20. Nxa8 axb5 21. Nc7 Be6 22. Nxb5 Bc4 23. Rc3 Bxb5 24. Rxc5+ Kxe4 25.
Rxb5 Be5 26. Re1+ Kd4 27. Rbxe5 Rc8 28. R1e4# { Black checkmated } 1-0

[Event "ICC tourney 2308 (3 2)"]
[Site "Internet Chess Club"]
[Date "2021.01.15"]
[Round "7"]
[White "yogokings12"]
[Black "HR2005"]
[Result "1-0"]
[ICCResult "Black resigns"]
[WhiteElo "1683"]
[BlackElo "2041"]
[Opening "Sicilian: Najdorf variation"]
[ECO "B98"]
[NIC "SI.09"]
[Time "21:37:55"]
[PlyCount "71"]
[TimeControl "180+2"]

1. e4 c5 2. Nf3 d6 3. d4 cxd4 4. Nxd4 Nf6 5. Nc3 a6 6. Bg5 e6 7. f4 Be7 8.
Qf3 Qc7 9. O-O-O h6 10. Bh4 Nbd7 11. Bd3 g5 12. fxg5 Ne5 13. Qe2 Nfg4 14.
h3 hxg5 15. Bg3 Nf6 16. h4 Nfg4 17. Kb1 Rg8 18. hxg5 Bxg5 19. Nf3 Bf6 20.
Nxe5 Nxe5 21. Bh4 Bxh4 22. Rxh4 Bd7 23. Rdh1 O-O-O 24. Rh7 Bc6 25. Rf1 Rg6
26. Nd1 Rdg8 27. Ne3 Be8 28. g4 Nxg4 29. Nxg4 Rxg4 30. b3 Rg2 31. Rf2 Rg1+
32. Kb2 Qc5 33. c3 R1g2 34. Rxg2 Rxg2 35. Qxg2 Qe3 36. Qe2 { Black resigns
} 1-0

[Event "ICC tourney 2308 (3 2)"]
[Site "Internet Chess Club"]
[Date "2021.01.15"]
[Round "7"]
[White "Sparta250"]
[Black "sarvadh"]
[Result "1-0"]
[ICCResult "Black resigns"]
[WhiteElo "2702"]
[BlackElo "2250"]
[Opening "French: Winawer, advance, 6...Ne7"]
[ECO "C18"]
[NIC "FR.11"]
[Time "21:37:54"]
[PlyCount "49"]
[TimeControl "180+2"]

1. e4 e6 2. d4 d5 3. Nc3 Bb4 4. e5 c5 5. a3 Bxc3+ 6. bxc3 Ne7 7. h4 Qc7 8.
h5 Nbc6 9. Nf3 cxd4 10. cxd4 Bd7 11. Bd3 Na5 12. a4 Nc8 13. Ba3 Qc3+ 14.
Kf1 Nc4 15. Bxc4 Qxc4+ 16. Kg1 Bxa4 17. h6 g6 18. Qd2 b5 19. Bc5 Qxc2 20.
Qa5 Kd7 21. Rh3 Nb6 22. Ng5 Nc4 23. Qa6 Rac8 24. Rf3 Nxe5 25. Qd6+ { Black
resigns } 1-0

[Event "ICC tourney 2308 (3 2)"]
[Site "Internet Chess Club"]
[Date "2021.01.15"]
[Round "7"]
[White "PearsonH"]
[Black "GLeschinsky"]
[Result "1/2-1/2"]
[ICCResult "Game drawn because neither player has mating material"]
[WhiteElo "1752"]
[BlackElo "2103"]
[Opening "Queen's pawn, Mason variation"]
[ECO "D00"]
[NIC "QP.08"]
[Time "21:37:58"]
[PlyCount "109"]
[TimeControl "180+2"]

1. d4 d5 2. Bf4 Nf6 3. e3 c5 4. c3 Nc6 5. Nd2 Bg4 6. Be2 Bxe2 7. Qxe2 Qb6
8. Ndf3 e6 9. Ne5 Nxe5 10. Bxe5 Nd7 11. Bg3 cxd4 12. exd4 Bd6 13. Nf3 O-O
14. Bxd6 Qxd6 15. O-O Rab8 16. a4 a6 17. Rfe1 b5 18. axb5 axb5 19. Ne5 Nxe5
20. Qxe5 Qxe5 21. Rxe5 b4 22. f4 g6 23. g4 Rfc8 24. Rc1 bxc3 25. bxc3 Rb3
26. Re3 Rc4 27. Kf2 Kg7 28. f5 Kf6 29. fxe6 fxe6 30. Rce1 Rbxc3 31. Rxe6+
Kg5 32. R1e5+ Kxg4 33. Rxd5 Rc2+ 34. Re2 Rxe2+ 35. Kxe2 Kh3 36. Kd3 Rc7 37.
Rc5 Rd7 38. Rc2 g5 39. Ke4 h5 40. Kf5 Rd5+ 41. Ke4 Rd8 42. d5 g4 43. Ke5 h4
44. d6 Re8+ 45. Kf4 g3 46. hxg3 hxg3 47. Rc3 Rf8+ 48. Ke5 Kh2 49. d7 g2 50.
Rc2 Kh3 51. Rxg2 Kxg2 52. Ke6 Kf3 53. Ke7 Rh8 54. d8=Q Rxd8 55. Kxd8 { Game
drawn because neither player has mating material } 1/2-1/2

[Event "ICC tourney 2308 (3 2)"]
[Site "Internet Chess Club"]
[Date "2021.01.15"]
[Round "7"]
[White "pracheth18"]
[Black "saif-shawkat"]
[Result "0-1"]
[ICCResult "White resigns"]
[WhiteElo "1733"]
[BlackElo "2059"]
[Opening "Queen's pawn, Mason variation"]
[ECO "D00"]
[NIC "QP.08"]
[Time "21:38:00"]
[PlyCount "74"]
[TimeControl "180+2"]

1. d4 d5 2. Bf4 Nf6 3. e3 e6 4. Nf3 Bd6 5. Bg3 O-O 6. Bd3 c5 7. c3 Qc7 8.
Nbd2 Nbd7 9. O-O e5 10. dxe5 Nxe5 11. Nxe5 Bxe5 12. Nf3 Bxg3 13. hxg3 Bg4
14. Be2 Rfe8 15. Re1 Rad8 16. Qc2 g6 17. b3 Ne4 18. Nh2 Bxe2 19. Rxe2 Qe5
20. Rc1 Nd6 21. Nf3 Qh5 22. Rd2 Ne4 23. Re2 b5 24. Rd1 Qf5 25. Nd2 Nxg3 26.
Qxf5 Nxe2+ 27. Kf1 gxf5 28. Kxe2 f4 29. Nf3 fxe3 30. fxe3 f5 31. Nh4 f4 32.
Nf5 Re5 33. Nh6+ Kg7 34. Ng4 Re4 35. Kf3 fxe3 36. Rxd5 Rxd5 37. Kxe4 e2 {
White resigns } 0-1

[Event "ICC tourney 2308 (3 2)"]
[Site "Internet Chess Club"]
[Date "2021.01.15"]
[Round "7"]
[White "hackerguru"]
[Black "ChiefDas"]
[Result "1-0"]
[ICCResult "Black resigns"]
[WhiteElo "1750"]
[BlackElo "1857"]
[Opening "English: Carls' Bremen system"]
[ECO "A22"]
[NIC "EO.01"]
[Time "21:38:06"]
[PlyCount "53"]
[TimeControl "180+2"]

1. c4 e5 2. Nc3 Nf6 3. g3 Nc6 4. Bg2 Bb4 5. Nf3 O-O 6. O-O d6 7. Nd5 Nxd5
8. cxd5 Ne7 9. e4 Bc5 10. d4 exd4 11. Nxd4 Bxd4 12. Qxd4 Ng6 13. f4 Re8 14.
Qf2 b6 15. Be3 a5 16. Bd4 Ba6 17. Rfe1 Qd7 18. e5 Qf5 19. Be4 Qh5 20. e6
Bc4 21. Rac1 Bxd5 22. f5 Bxe4 23. exf7+ Kxf7 24. fxg6+ Kxg6 25. Rxc7 Rf8
26. Rxg7+ Kh6 27. Qe3+ { Black resigns } 1-0

[Event "ICC tourney 2308 (3 2)"]
[Site "Internet Chess Club"]
[Date "2021.01.15"]
[Round "7"]
[White "mhebden"]
[Black "Retrospective"]
[Result "0-1"]
[ICCResult "White forfeits on time"]
[WhiteElo "2503"]
[BlackElo "2668"]
[Opening "Queen's pawn game"]
[ECO "D00"]
[NIC "QP.07"]
[Time "21:37:59"]
[PlyCount "68"]
[TimeControl "180+2"]

1. d4 Nf6 2. Nc3 d5 3. Bf4 a6 4. e3 Bf5 5. f3 e6 6. g4 Bg6 7. h4 h5 8. g5
Nfd7 9. e4 dxe4 10. fxe4 Bb4 11. Bg2 O-O 12. Ne2 e5 13. dxe5 Nc6 14. Qd5
Ndxe5 15. O-O-O Qe7 16. a3 Bd6 17. Kb1 b5 18. Nd4 Nxd4 19. Qxd4 Rfd8 20.
Nd5 Qe8 21. Rhf1 c6 22. Nc3 Qe7 23. Bh3 a5 24. Bf5 b4 25. Bxg6 fxg6 26.
Bxe5 Bxe5 27. Qc4+ Kh7 28. axb4 axb4 29. Na2 c5 30. Rxd8 Rxd8 31. Nc1 Rd4
32. Qf7 Qxf7 33. Rxf7 Rd1 34. c3 b3 { White forfeits on time } 0-1

[Event "ICC tourney 2308 (3 2)"]
[Site "Internet Chess Club"]
[Date "2021.01.15"]
[Round "7"]
[White "GrandWizard"]
[Black "KingRayfish"]
[Result "0-1"]
[ICCResult "White resigns"]
[WhiteElo "1806"]
[BlackElo "1469"]
[Opening "Hammerschlag (Fried fox/Pork chop opening)"]
[ECO "A00"]
[Time "21:37:57"]
[PlyCount "86"]
[TimeControl "180+2"]

1. f3 e5 2. Kf2 d5 3. e3 Nf6 4. Be2 Bc5 5. d4 exd4 6. exd4 Bb6 7. c3 O-O 8.
Nd2 Re8 9. Nf1 c5 10. Be3 cxd4 11. Bxd4 Bxd4+ 12. Qxd4 Nc6 13. Qh4 Qb6+ 14.
Kg3 Ne7 15. Qb4 Nf5+ 16. Kh3 Nd4+ 17. g4 Nxe2 18. Nxe2 Qxb4 19. cxb4 Rxe2
20. Ng3 Rxb2 21. Rhe1 g6 22. Kh4 Rxh2+ 23. Kg5 Kg7 24. Re7 h6+ 25. Kf4 g5+
26. Ke3 Bd7 27. Nf5+ Bxf5 28. gxf5 Re8 29. Rxe8 Nxe8 30. Rd1 Nf6 31. Kd4
Rh4+ 32. Kc5 b6+ 33. Kb5 Rh2 34. a4 Ra2 35. a5 bxa5 36. bxa5 h5 37. Kb4 g4
38. fxg4 hxg4 39. Rd3 Rg2 40. a6 g3 41. Kb5 Rb2+ 42. Kc5 Kf8 43. Rxg3 Ne4+
{ White resigns } 0-1

[Event "ICC tourney 2308 (3 2)"]
[Site "Internet Chess Club"]
[Date "2021.01.15"]
[Round "7"]
[White "Gnanathan"]
[Black "DrKnight01"]
[Result "1-0"]
[ICCResult "Black checkmated"]
[WhiteElo "1101"]
[BlackElo "1216"]
[Opening "Scotch opening"]
[ECO "C44"]
[NIC "KP.10"]
[Time "21:38:46"]
[PlyCount "51"]
[TimeControl "180+2"]

1. e4 e5 2. Nf3 Nc6 3. d4 d6 4. dxe5 dxe5 5. Qxd8+ Kxd8 6. Nc3 Bg4 7. Be2
Bxf3 8. Bxf3 Kd7 9. Be3 Rd8 10. O-O-O+ Kc8 11. Bg4+ Kb8 12. Rxd8+ Nxd8 13.
Rd1 Be7 14. Rd7 b5 15. Nxb5 Bf6 16. Bxa7+ Ka8 17. Rxc7 Nh6 18. Bc8 Bg5+ 19.
Kb1 Re8 20. Bb7+ Nxb7 21. Bb6 Rd8 22. a3 Kb8 23. Rc6 Rd1+ 24. Ka2 Re1 25.
Bc7+ Ka8 26. Ra6# { Black checkmated } 1-0

[Event "ICC tourney 2308 (3 2)"]
[Site "Internet Chess Club"]
[Date "2021.01.15"]
[Round "7"]
[White "rychessmaster1"]
[Black "MasterZachary"]
[Result "0-1"]
[ICCResult "White checkmated"]
[WhiteElo "2187"]
[BlackElo "2307"]
[Opening "Queen's pawn: Chigorin variation"]
[ECO "D00"]
[NIC "QP.08"]
[Time "21:38:01"]
[PlyCount "104"]
[TimeControl "180+2"]

1. d4 d5 2. Nc3 Nf6 3. Bf4 a6 4. e3 Bf5 5. f3 e6 6. g4 Bg6 7. h4 h5 8. g5
Nfd7 9. Bd3 Bxd3 10. cxd3 g6 11. Nge2 c5 12. dxc5 Nxc5 13. d4 Ncd7 14. Kf2
Nc6 15. Rc1 Bg7 16. Qb3 b5 17. Bd6 Nb6 18. Bc5 Nc4 19. Qc2 Rc8 20. b3 Nd6
21. Qd3 O-O 22. a4 b4 23. Nb1 a5 24. Nd2 Re8 25. Nf4 Nf5 26. Nf1 e5 27.
Nxh5 e4 28. fxe4 dxe4 29. Qe2 gxh5 30. Qxh5 Ncxd4 31. g6 fxg6 32. Qxg6 Nxh4
33. Qg4 Qf6+ 34. Qf4 Qxf4+ 35. exf4 Ndf5 36. Ne3 Nxe3 37. Bxe3 Nf5 38. Rh5
Nxe3 39. Rxc8 Nd1+ 40. Ke1 Rxc8 41. Kxd1 Rc3 42. Rxa5 Rxb3 43. Rb5 Rb2 44.
a5 e3 45. Rg5 Kf7 46. Rg3 e2+ 47. Ke1 Bc3+ 48. Rxc3 bxc3 49. a6 c2 50. Kd2
e1=Q+ 51. Kd3 c1=Q 52. a7 Rd2# { White checkmated } 0-1

[Event "ICC tourney 2308 (3 2)"]
[Site "Internet Chess Club"]
[Date "2021.01.15"]
[Round "7"]
[White "A4-H5"]
[Black "stephenwilly"]
[Result "0-1"]
[ICCResult "White checkmated"]
[WhiteElo "1999"]
[BlackElo "1460"]
[Opening "Amar (Paris) opening"]
[ECO "A00"]
[NIC "VO.16"]
[Time "21:38:46"]
[PlyCount "62"]
[TimeControl "180+2"]

1. Nh3 e5 2. d4 exd4 3. Qxd4 Nc6 4. Qe3+ Be7 5. Nc3 d5 6. Qd2 Nf6 7. e3 Bb4
8. Bb5 Ne4 9. Qd3 Bxh3 10. gxh3 Qf6 11. Bxc6+ bxc6 12. O-O Ng5 13. f4 Ne6
14. Nxd5 cxd5 15. Qb5+ Kf8 16. Qxb4+ c5 17. Qb7 Re8 18. Qxd5 h5 19. Kh1 Rh6
20. Qd6+ Kg8 21. Qe5 Qd8 22. Qf5 Nd4 23. Qg5 Qa8+ 24. Qg2 Nc6 25. Bd2 Rg6
26. Qf3 Qd8 27. Bc3 Qa8 28. Rg1 Rxe3 29. Qxe3 Nd4+ 30. Qf3 Qxf3+ 31. Rg2
Qxg2# { White checkmated } 0-1

[Event "ICC tourney 2308 (3 2)"]
[Site "Internet Chess Club"]
[Date "2021.01.15"]
[Round "7"]
[White "Openyagami"]
[Black "woochess"]
[Result "0-1"]
[ICCResult "White resigns"]
[WhiteElo "2606"]
[BlackElo "2595"]
[Opening "English: Neo-Catalan declined"]
[ECO "A14"]
[NIC "RE.11"]
[Time "21:38:01"]
[PlyCount "68"]
[TimeControl "180+2"]

1. c4 e6 2. Nf3 d5 3. g3 Nf6 4. Bg2 Be7 5. O-O O-O 6. Qc2 b6 7. d4 Bb7 8.
Bf4 Na6 9. a3 dxc4 10. Qxc4 c5 11. Nc3 Rc8 12. Rfd1 cxd4 13. Qxd4 Qe8 14.
Ne5 Bxg2 15. Kxg2 Nc5 16. Qe3 Na4 17. Nxa4 Qxa4 18. Qf3 Rc2 19. Bg5 Re8 20.
b3 Qb5 21. Nc4 Qxg5 22. h4 Qf5 23. Qxf5 exf5 24. Kf3 Bc5 25. Rd2 Rc3+ 26.
e3 Rxb3 27. Rad1 g6 28. Rd8 Rxd8 29. Rxd8+ Kg7 30. Ne5 Rb2 31. Nd3 Rd2 32.
h5 Ne4 33. Rd7 Kf6 34. h6 Bd6 { White resigns } 0-1

[Event "ICC tourney 2308 (3 2)"]
[Site "Internet Chess Club"]
[Date "2021.01.15"]
[Round "7"]
[White "pyaru536"]
[Black "ASharikov"]
[Result "0-1"]
[ICCResult "White resigns"]
[WhiteElo "2092"]
[BlackElo "2281"]
[Opening "Budapest: Fajarowicz variation"]
[ECO "A51"]
[NIC "QG.01"]
[Time "21:38:03"]
[PlyCount "64"]
[TimeControl "180+2"]

1. d4 Nf6 2. c4 e5 3. dxe5 Ne4 4. a3 Nc6 5. Qc2 d5 6. exd6 Bf5 7. Nc3 Nxd6
8. e4 Qe7 9. f3 O-O-O 10. Nge2 Be6 11. b3 f5 12. Bb2 fxe4 13. fxe4 Qg5 14.
g3 Ne5 15. Nd4 Qe3+ 16. Be2 Qxd4 17. Nd5 Qxe4 18. Qxe4 Nxe4 19. Bxe5 Bxd5
20. cxd5 Rxd5 21. Bb2 Bc5 22. Bc4 Rd2 23. Be2 Rxb2 24. Rc1 Bxa3 25. Bg4+
Kb8 26. O-O a5 27. Rf7 Bc5+ 28. Kh1 Nf2+ 29. Kg1 Nd3+ 30. Rxc5 Nxc5 31.
Rxg7 Nxb3 32. Rxh7 Rxh7 { White resigns } 0-1

[Event "ICC tourney 2308 (3 2)"]
[Site "Internet Chess Club"]
[Date "2021.01.15"]
[Round "7"]
[White "Volkov"]
[Black "jy2020"]
[Result "1/2-1/2"]
[ICCResult "Game drawn by mutual agreement"]
[WhiteElo "2607"]
[BlackElo "2213"]
[Opening "Nimzo-Indian: Kmoch variation"]
[ECO "E20"]
[NIC "NI.30"]
[Time "21:37:54"]
[PlyCount "102"]
[TimeControl "180+2"]

1. d4 Nf6 2. c4 e6 3. Nc3 Bb4 4. f3 d5 5. a3 Be7 6. e4 dxe4 7. fxe4 c5 8.
d5 exd5 9. exd5 O-O 10. Be2 Re8 11. Nf3 Nbd7 12. O-O a6 13. Bf4 Bf8 14. Qc2
Qb6 15. Rad1 Bd6 16. Bxd6 Qxd6 17. h3 Nf8 18. Bd3 Ng6 19. Ne4 Nxe4 20. Bxe4
Bd7 21. Ng5 Re7 22. Bxg6 Qxg6 23. Qxg6 hxg6 24. d6 Re5 25. Rxf7 Bc6 26. Rc7
Rxg5 27. d7 Rxg2+ 28. Kf1 Rf8+ 29. Ke1 Rg1+ 30. Kd2 Rf2+ 31. Kc1 Rxd1+ 32.
Kxd1 Rf8 33. Kc2 g5 34. b4 cxb4 35. axb4 Kh7 36. Kc3 Kg6 37. b5 axb5 38.
cxb5 Bxb5 39. Rxb7 Bxd7 40. Rxd7 Rf3+ 41. Kd2 Rxh3 42. Ke2 Kf6 43. Kf2 g4
44. Kg2 g6 45. Rd8 Kg5 46. Ra8 Rb3 47. Rc8 Kf4 48. Rf8+ Kg5 49. Ra8 Rb4 50.
Kg3 Rb3+ 51. Kg2 Rb2+ { Game drawn by mutual agreement } 1/2-1/2

[Event "ICC tourney 2308 (3 2)"]
[Site "Internet Chess Club"]
[Date "2021.01.15"]
[Round "7"]
[White "acgc"]
[Black "SuperBlueSky"]
[Result "0-1"]
[ICCResult "White checkmated"]
[WhiteElo "946"]
[BlackElo "1562"]
[Opening "Giuoco Piano: Greco's attack"]
[ECO "C54"]
[NIC "IG.02"]
[Time "21:37:57"]
[PlyCount "110"]
[TimeControl "180+2"]

1. e4 e5 2. Nf3 Nc6 3. Bc4 Bc5 4. c3 Nf6 5. d4 exd4 6. cxd4 Bb4+ 7. Nc3
Nxe4 8. O-O d5 9. Bd3 Bxc3 10. bxc3 O-O 11. Qb3 Nf6 12. c4 dxc4 13. Qxc4
Be6 14. Qc3 Nd5 15. Qc5 Nf6 16. Be3 Qd5 17. Qc3 Rad8 18. Rfd1 Ng4 19. Qc2
f5 20. Bg5 Nf6 21. Re1 h6 22. Bd2 Nxd4 23. Nxd4 Qxd4 24. Rxe6 Qxa1+ 25. Bc1
Rxd3 26. Qxd3 Qxc1+ 27. Qf1 Qxf1+ 28. Kxf1 Re8 29. Rxe8+ Nxe8 30. Ke2 c5
31. Kd3 Nd6 32. Kc3 b5 33. a3 a5 34. f3 b4+ 35. axb4 axb4+ 36. Kb3 Kf7 37.
g3 Ke6 38. g4 fxg4 39. fxg4 Kd5 40. h4 Kd4 41. g5 Nf5 42. gxh6 gxh6 43. h5
Ng3 44. Kc2 Nxh5 45. Kb2 Kd3 46. Kb3 Nf4 47. Kb2 h5 48. Kb3 h4 49. Ka4 h3
50. Kb5 c4 51. Kxb4 h2 52. Ka3 h1=Q 53. Kb4 Qb1+ 54. Ka3 Kc3 55. Ka4 Qb4# {
White checkmated } 0-1

[Event "ICC tourney 2308 (3 2)"]
[Site "Internet Chess Club"]
[Date "2021.01.15"]
[Round "7"]
[White "funpawn"]
[Black "ThomasBoyle"]
[Result "0-1"]
[ICCResult "White checkmated"]
[WhiteElo "1794"]
[BlackElo "1283"]
[Opening "French: Marshall variation"]
[ECO "C10"]
[NIC "FR.04"]
[Time "21:37:59"]
[PlyCount "104"]
[TimeControl "180+2"]

1. e4 e6 2. d4 d5 3. Nc3 c5 4. dxc5 Bxc5 5. exd5 Qb6 6. Qe2 Nf6 7. Nf3 O-O
8. dxe6 Bxe6 9. Ng5 Bg4 10. f3 Re8 11. Nge4 Nxe4 12. Nxe4 Qb4+ 13. c3 Qa4
14. b3 Qc6 15. Qd3 Bf5 16. Bf4 Bxe4 17. fxe4 Rxe4+ 18. Be2 Na6 19. Bg3 Rae8
20. O-O-O Rxe2 21. Rhe1 Rxe1 22. Bxe1 Ba3+ 23. Kc2 h6 24. Qd4 Qxg2+ 25. Rd2
Qg6+ 26. Qd3 Qxd3+ 27. Rxd3 Rxe1 28. Rd7 Rc1+ 29. Kd2 Rh1 30. Rxb7 Rxh2+
31. Kd3 Nc5+ 32. Kc4 Nxb7 33. b4 Rxa2 34. Kb3 Ra1 35. c4 Bc1 36. c5 Ra3+
37. Kc2 Be3 38. c6 Nd6 39. c7 Ra6 40. b5 Rb6 41. Kd3 Rxb5 42. Kxe3 Rc5 43.
c8=Q+ Rxc8 44. Kd4 a5 45. Kd3 a4 46. Kd4 a3 47. Kd5 a2 48. Kxd6 a1=Q 49.
Kd7 Qc1 50. Kd6 Qd1+ 51. Ke7 Rc7+ 52. Ke8 Qd7# { White checkmated } 0-1

[Event "ICC tourney 2308 (3 2)"]
[Site "Internet Chess Club"]
[Date "2021.01.15"]
[Round "7"]
[White "RatislavK"]
[Black "MarfaEs"]
[Result "1-0"]
[ICCResult "Black checkmated"]
[WhiteElo "1533"]
[BlackElo "2004"]
[Opening "Sicilian: Alapin's variation (2.c3)"]
[ECO "B22"]
[NIC "SI.46"]
[Time "21:37:54"]
[PlyCount "75"]
[TimeControl "180+2"]

1. e4 c5 2. c3 Nc6 3. d4 cxd4 4. cxd4 d6 5. Nf3 g6 6. d5 Nb8 7. Be3 Bg7 8.
Bd4 Nf6 9. Nc3 Qa5 10. Be2 O-O 11. O-O Qb4 12. h4 Bg4 13. Bxf6 Bxf6 14. Ng5
Bxe2 15. Qxe2 Bxc3 16. bxc3 Qxc3 17. h5 Qg7 18. Rab1 b6 19. Rb3 Nd7 20. Rh3
h6 21. Nf3 g5 22. Nh2 Qd4 23. Kh1 Nf6 24. f4 Qxe4 25. Re3 Qxd5 26. fxg5
Qxg5 27. Rxe7 Rae8 28. Rxf6 Rxe7 29. Qxe7 Qxh5 30. Qxd6 Kh7 31. Qxf8 Qd1+
32. Rf1 Qd3 33. Qxf7+ Kh8 34. Qf8+ Kh7 35. Rf7+ Kg6 36. Qg7+ Kh5 37. Qe5+
Kg6 38. Rg7# { Black checkmated } 1-0

[Event "ICC tourney 2308 (3 2)"]
[Site "Internet Chess Club"]
[Date "2021.01.15"]
[Round "7"]
[White "clair"]
[Black "muzikmixer"]
[Result "1-0"]
[ICCResult "Black forfeits on time"]
[WhiteElo "1681"]
[BlackElo "1633"]
[Opening "Queen's Pawn"]
[ECO "A41"]
[NIC "QO.17"]
[Time "21:38:09"]
[PlyCount "101"]
[TimeControl "180+2"]

1. d4 d6 2. Bf4 c6 3. Nc3 Nf6 4. e4 Qa5 5. f3 e5 6. Be3 Qb4 7. Qc1 exd4 8.
a3 Qc5 9. Na4 Qa5+ 10. c3 dxe3 11. b3 b5 12. Nb2 Be6 13. b4 Qb6 14. Ne2 Be7
15. Nd4 Bd7 16. Qxe3 O-O 17. g4 a5 18. g5 Nh5 19. Be2 axb4 20. cxb4 d5 21.
f4 Bxb4+ 22. Kf2 Nxf4 23. axb4 Nh3+ 24. Kg2 Nxg5 25. Rxa8 Ne6 26. Nc2 d4
27. Qg3 Na6 28. Rxf8+ Kxf8 29. Qd6+ Ke8 30. Nd3 Qc7 31. Qxc7 Naxc7 32. Rf1
f6 33. Nf4 Ng5 34. Nxd4 Nce6 35. Nfxe6 Bxe6 36. Nxe6 Nxe6 37. Bf3 Nd4 38.
Re1 Ke7 39. e5 f5 40. Rd1 Nc2 41. Bxc6 Nxb4 42. Bxb5 Ke6 43. Re1 Nc2 44.
Rb1 Kxe5 45. Bd3 Ne3+ 46. Kf2 Ng4+ 47. Kg3 Kf6 48. Rf1 g6 49. h3 Ne3 50.
Ra1 Kg5 51. Ra7 { Black forfeits on time } 1-0